 Dungeon Crawl Stone Soup version 0.31-a0-836-g3ceb0a68c4 (webtiles) character file.

Game seed: 17078375419332366139

105 javelincjr the Ruffian (level 5, -3/38 HPs)
             Began as a Djinni Shapeshifter on Sept 26, 2023.
             Slain by hgbash's ghost (9 damage)
             ... on level 3 of the Dungeon.
             The game lasted 00:05:47 (1894 turns).

javelincjr the Ruffian (Djinni Shapeshifter)        Turns: 1894, Time: 00:05:48

Health: -3/38      AC:  2    Str: 15    XL:     5   Next: 9%
Gold:   101        EV: 12    Int: 17    God:
                   SH:  0    Dex: 13

rFire   + + +        p - +6 quarterstaff "Finnal" {pain, rN++}
rCold   x . .        (shield currently unavailable)
rNeg    + + .        a - +0 animal skin
rPois   ∞            (helmet currently unavailable)
rElec   .            (cloak currently unavailable)
rCorr   .            (gloves currently unavailable)
SInv    .            (boots unavailable)
Will    .....        (no amulet)
Stlth   +            e - +6 ring of intelligence
HPRegen 0.26/turn    r - ring of protection from fire
MPRegen 0.00/turn

%: infuse magic (-4 HP)
@: beast-form, flying
A: beast (slay +2), flying, sickness immunity, fire resistance 2, cold
vulnerability 1, float, innate caster, HP casting, extra vitality 1
a: Begin Untransformation


You were on level 3 of the Dungeon.
You were a hulking beast.
You visited 1 branch of the dungeon, and saw 3 of its levels.

You collected 101 gold pieces.

Inventory:

Hand Weapons
 p - the +6 quarterstaff "Finnal" (weapon) {pain, rN++}
   (You found it on level 2 of the Dungeon)

   rN++:      It greatly protects you from negative energy.
 z - a +2 short sword of holy wrath
Missiles
 l - 5 boomerangs (quivered)
Armour
 a - a +0 animal skin (worn)
 o - a +0 helmet
 v - a +0 buckler
Jewellery
 e - a +6 ring of intelligence (left hand)
 r - a ring of protection from fire (right hand)
Talismans
 c - a beast talisman (active)
 d - a flux talisman
Scrolls
 g - a scroll of immolation {unknown}
 i - a scroll of brand weapon {unknown}
 j - 2 scrolls of identify {unknown}
 n - a scroll of fog {unknown}
 q - a scroll of enchant weapon {unknown}
 s - a scroll of revelation {unknown}
 t - a scroll of teleportation {unknown}
 u - a scroll of acquirement {unknown}
 y - a scroll of amnesia {unknown}
 A - a scroll of noise {unknown}
Potions
 b - a potion of lignification
 f - a potion of heal wounds {unknown}
 h - a potion of resistance {unknown}
 k - a potion of curing {unknown}
 m - a potion of degeneration {unknown}
 w - 2 potions of enlightenment {unknown}
 x - a potion of berserk rage {unknown}


   Skills:
 + Level 2.1 Fighting
 + Level 3.0 Dodging
 + Level 3.5 Unarmed Combat
 * Level 3.5 Shapeshifting


You knew the following spells:

 Your Spells              Type           Power      Damage    Failure   Level
a - Sandblast             Erth           0%         2d4       24%         1
b - Momentum Strike       Conj/Tloc      0%         3d8       34%         2
Your spell library was empty.

Dungeon Overview and Level Annotations

Branches:
Dungeon (3/15)

Altars:

Annotations:
D:3 hgbash's ghost, weakling DsNe


Innate Abilities, Weirdness & Mutations

You are a hulking beast.
Your limbs bulge with bestial killing power. (Slay +2)
You are flying.
You are immune to sickness and miasma.
You are immune to poison.
Your flesh is very heat resistant. (rF++)
You are vulnerable to cold. (rC-)
You float through the air rather than walking.
You learn spells naturally, not from books.
Your magical power is your life essence.
You have superior vitality. (+4 MHP)


Message History

As you open the door, it creaks loudly!
A worm comes into view.
You barely miss the adder. The adder bites you.
The ball python closely misses you. The ball python barely misses you.
You miss the adder. The adder bites you.
The ball python bites you but does no damage.
The ball python grabs you. The ball python constricts you. The adder bites you.
The ball python bites you. The ball python constricts you.
You miss the adder. The adder closely misses you. The ball python bites you.
The ball python constricts you. The adder bites you.
You hit the adder.
The adder is heavily wounded.
The ball python bites you but does no damage.
The ball python constricts you. The adder bites you.
The ball python bites you but does no damage.
The ball python constricts you.
You sock the adder!
You kill the adder!
The ball python completely misses you. The ball python constricts you.
You have reached level 5!
The power to cast Momentum Strike wells up from within.
Spell assigned to 'b'.
You sock the ball python!
You kill the ball python!
Hgbash's ghost hits you.
You closely miss hgbash's ghost. Hgbash's ghost hits you!
* * * LOW HITPOINT WARNING * * *
You sock hgbash's ghost!
Hgbash's ghost is heavily damaged.
Hgbash's ghost barely misses you.
You closely miss hgbash's ghost.
Hgbash's ghost is heavily damaged.
Hgbash's ghost barely misses you.
You hit hgbash's ghost.
Hgbash's ghost is heavily damaged.
Hgbash's ghost completely misses you. Hgbash's ghost closely misses you.
You barely miss hgbash's ghost.
Hgbash's ghost is heavily damaged.
Hgbash's ghost hits you!
You die...

#~~~# #~(~# #~~~#
#~~~# ...###
#~~~#..#....
#~Bw#..#...
##W##....# #
#†h.#...# .#
###..###.# ..#
#........## ....##
#
+...##....##..##..#
.. #...
#............ ..
#... #....###... .#
#... #....###.# .+
#... #.....†..# .#
##### ####
#####†####


You could see a worm, hgbash's ghost and a giant cockroach.

Vanquished Creatures
  2 adders
  2 worms
  2 dart slugs (D:1)
  An orc (D:3)
  8 ball pythons
  6 bats
  5 endoplasms
  6 giant cockroaches
  3 goblins
  6 hobgoblins
  4 jackals (D:1)
  10 kobolds
  4 quokkas
  A frilled lizard (D:1)
  8 rats
68 creatures vanquished.

Notes
Turn   | Place    | Note
-------+----------+-------------------------------------------
     0 | D:1      | javelincjr the Djinni Shapeshifter began the quest for the
                  | Orb.
     0 | D:1      | Reached XP level 1. HP: 17/17 MP: 0/0
   119 | D:1      | Reached XP level 2. HP: 22/22 MP: 0/0
   258 | D:1      | Reached XP level 3. HP: 17/27 MP: 0/0
   258 | D:1      | Learned a level 1 spell: Sandblast
   957 | D:2      | Reached XP level 4. HP: 29/33 MP: 0/0
  1075 | D:2      | Identified the +6 quarterstaff "Finnal" {pain, rN++}
  1301 | D:2      | Found a faded altar of an unknown god.
  1878 | D:3      | Found a runed translucent door.
  1878 | D:3      | Noticed hgbash's ghost (weakling DsNe)
  1889 | D:3      | Reached XP level 5. HP: 19/38 MP: 0/0
  1889 | D:3      | Learned a level 2 spell: Momentum Strike
  1894 | D:3      | Slain by hgbash's ghost

Illustrated notes

Levels and vault maps discovered:
D:1:      evilmike_arrival_fibonacci_small, layout_basic
D:2:      layout_loops_cross, nicolae_ecumenical_oubliette
D:3:      layout_basic, serial_curves, eino_curves_03, eino_curves_04,
          eino_curves_04, ebering_ghost_sewer_f, grunt_ministairs_6,
          hangedman_decor_lopped, palyth_stone_intersect, uniq_sigmund

Skill      XL: |  1  2  3  4 |
---------------+-------------+-----
Shapeshifting  | 3 |  3.5
Fighting       | 2 |  2.1
Dodging        | 3 |  3.0
Unarmed Combat | |  3.5

Action                     |  1- 3 |  4- 6 || total
---------------------------+-------+-------++-------
  Melee: Unarmed           |   124 |    10 ||   134
         Quarterstaff      |       |    57 ||    57
  Throw: Boomerang         |       |    24 ||    24
   Stab: Sleeping          |       |     1 ||     1
 Armour: Animal skin       |    55 |    37 ||    92
  Dodge: Dodged            |    89 |    49 ||   138

Table legend: (Time is in decaauts)
 A = Elapsed time spent in this place.
 B = Non-inter-level travel time spent in this place.
 C = Inter-level travel time spent in this place.
 D = Time resting spent in this place.
 E = Time spent auto-exploring this place.
 F = Levels seen in this place.
 G = Mean time per level.
                   A        B        C        D        E       F      G
               +--------+--------+--------+--------+--------+-----+--------+
         Total |   1907 |   1862 |     45 |      0 |   1380 |   3 |  635.7 |
       Dungeon |   1907 |   1862 |     45 |      0 |   1380 |   3 |  635.7 |
               +--------+--------+--------+--------+--------+-----+--------+

Top non-repeatable levels by time:
     D:1: 938 daAuts
     D:2: 739 daAuts
     D:3: 228 daAuts
